 Dungeon Crawl Stone Soup version 0.22-a0-848-ge9e22a0 (webtiles) character file.

3192 poirepourri the Cleaver (level 10, -7/79 HPs)
             Began as a Formicid Fighter on July 26, 2018.
             Was an Initiate of Qazlal.
             Mangled by a two-headed ogre
             ... wielding a +0 giant club
              (23 damage)
             ... on level 8 of the Dungeon.
             The game lasted 00:10:01 (7102 turns).

poirepourri the Cleaver (Formicid Fighter)          Turns: 7102, Time: 00:10:01

Health: -7/79      AC:  9    Str: 21    XL:     10   Next: 16%
Magic:  10/10      EV:  8    Int:  8    God:    Qazlal [......]
Gold:   365        SH: 11    Dex: 18    Spells: 9/9 levels left

rFire    + . .     SeeInvis +   a - +1 war axe
rCold    . . .     Gourm    .   c - +0 shield
rNeg     . . .     Faith    .   b - +0 scale mail
rPois    .         Spirit   .   (helmet unavailable)
rElec    .         Reflect  .   t - +0 cloak {+Inv}
rCorr    .         Harm     .   q - +0 pair of gloves
MR       +....                  (no boots)
Stlth    ..........             (no amulet)
HPRegen  0.23/turn              s - ring of protection from fire
MPRegen  0.12/turn              r - +5 ring of dexterity

@: no status effects
A: permanent stasis, dig shafts and tunnels, four strong arms, antennae 3
a: Dig, Shaft Self, Renounce Religion, Evoke Invisibility


You were on level 8 of the Dungeon.
You worshipped Qazlal.
Qazlal was noncommittal.
You were not hungry.

You visited 2 branches of the dungeon, and saw 9 of its levels.

You collected 365 gold pieces.

Inventory:

Hand Weapons
 a - a +1 war axe (weapon)
Missiles
 k - 47 bolts
 n - 6 tomahawks (quivered)
Armour
 b - a +0 scale mail (worn)
 c - a +0 shield (worn)
 q - a +0 pair of gloves (worn)
 t - a +0 cloak of invisibility (worn)
Jewellery
 r - a +5 ring of dexterity (right hand)
 s - a ring of protection from fire (left hand)
Wands
 d - a wand of scattershot (2)
 i - a wand of acid (6)
 p - a wand of polymorph (12)
Scrolls
 f - a scroll of enchant armour
 g - 3 scrolls of remove curse
 v - a scroll of fog
Potions
 h - 2 potions of magic
 j - a potion of haste
 l - 3 potions of curing
 m - 3 potions of brilliance
 w - 2 potions of ambrosia
 x - a potion of flight


   Skills:
 - Level 7.0 Fighting
 - Level 11.4 Axes
 - Level 3.2 Armour
 + Level 6.6 Shields


You had 9 spell levels left.
You didn't know any spells.
Your spell library was empty.

Dungeon Overview and Level Annotations

Branches:
Dungeon (8/15)             Temple (1/1) D:7            Lair (0/6) D:8

Altars:
Ashenzari
Cheibriados
Dithmenos
Elyvilon
Fedhas
Gozag
Hepliaklqana
Kikubaaqudgha
Makhleb
Nemelex Xobeh
Okawaru
Qazlal
Ru
Sif Muna
Trog
Uskayaw
Vehumet
Wu Jian
Xom
Yredelemnul
Zin
The Shining One


Innate Abilities, Weirdness & Mutations

You cannot be hasted, slowed, berserked, paralysed or teleported.
You can dig through walls and to a lower floor.
Your four strong arms can wield two-handed weapons with a shield.
You have a pair of large antennae on your head. (SInv)


Message History

The two-headed ogre is moderately wounded.
You hit the two-headed ogre.
The two-headed ogre is moderately wounded.
The two-headed ogre hits you with a giant club!!
* * * LOW HITPOINT WARNING * * *
The two-headed ogre hits you with a giant spiked club.
* * * LOW HITPOINT WARNING * * *
You are too injured to fight recklessly!
Okay, then.
You feel better. You block the two-headed ogre's attack.
The two-headed ogre closely misses you.
You feel better.
You block the two-headed ogre's attack. x2
You slash the two-headed ogre!
The two-headed ogre is heavily wounded.
You slash the two-headed ogre!
The two-headed ogre is severely wounded.
The two-headed ogre hits you with a giant club!!
* * * LOW HITPOINT WARNING * * *
The two-headed ogre hits you with a giant spiked club!!
You die...

.##..##.. ..# #.#..###..
..#.....# .O# ##..## ##.
........# .. ##..####.#
....#...#### #.# #....##..#
....#......{ #.. ##..#....##
............# #.###..##....#
...........##. ##.#(..#.......
..#.<.......#..####.).(...(.##...
.##......##....O@.....)...####...
###......####...###........##....
# #......# #.## ###............
###.......# # #.............
............ #.)........
...#........ #.......#...
............ ........##...
.........# ........## ..
#.......# t.....#...#


You could see a two-headed ogre.

Vanquished Creatures
  Joseph (D:7)
  Sigmund (D:3)
  Eustachio (D:5)
  A hungry ghost (D:8)
  An ice beast (D:7)
  A phantom (D:6)
  4 ogres
  2 black bears (D:8)
  A necrophage (D:7)
  3 centaurs
  2 crocodiles (D:8)
  4 bullfrogs
  A big kobold (D:8)
  A scorpion (D:8)
  A howler monkey (D:4)
  A bullfrog zombie (D:6)
  2 crimson imps
  A hound (D:6)
  Crazy Yiuf (D:5)
  2 centaur skeletons
  4 orc priests
  A bullfrog skeleton (D:5)
  4 iguanas
  3 orc wizards
  4 worker ants
  A hound zombie (D:6)
  2 hound skeletons
  Robin (D:2)
  7 adders
  A dart slug (D:1)
  7 leopard geckos
  20 orcs
  6 giant cockroaches
  11 hobgoblins
  15 jackals
  16 kobolds
  2 quokkas
  A ball python skeleton (D:5)
  5 bats
  6 frilled lizards
  13 goblins
  A jackal skeleton (D:4)
  10 rats
173 creatures vanquished.

Vanquished Creatures (others)
  28 fungi (D:8)
  5 plants (D:8)
33 creatures vanquished.

Grand Total: 206 creatures vanquished

Notes
Turn   | Place    | Note
-------+----------+-------------------------------------------
     0 | D:1      | poirepourri the Formicid Fighter began the quest for the Orb.
     0 | D:1      | Reached XP level 1. HP: 18/18 MP: 1/1
    18 | D:1      | Reached XP level 2. HP: 16/24 MP: 2/2
   156 | D:1      | Reached skill level 3 in Axes
   217 | D:1      | Reached XP level 3. HP: 23/29 MP: 3/3
   945 | D:2      | Reached skill level 4 in Axes
   945 | D:2      | Reached XP level 4. HP: 22/35 MP: 4/4
  1172 | D:2      | Noticed Robin
  1191 | D:2      | Killed Robin
  1191 | D:2      | Reached XP level 5. HP: 13/41 MP: 5/5
  1473 | D:3      | Found a transporter.
  1475 | D:3      | Found a transporter.
  1659 | D:3      | Found a blossoming altar of Fedhas.
  1682 | D:3      | Reached skill level 5 in Axes
  1822 | D:3      | Noticed Sigmund
  1834 | D:3      | Killed Sigmund
  1834 | D:3      | Reached skill level 6 in Axes
  1834 | D:3      | Reached XP level 6. HP: 13/47 MP: 6/6
  2716 | D:4      | Reached XP level 7. HP: 52/52 MP: 7/7
  2728 | D:4      | Reached skill level 7 in Axes
  3324 | D:5      | Entered Level 5 of the Dungeon
  3488 | D:5      | Reached skill level 8 in Axes
  3736 | D:5      | Reached XP level 8. HP: 58/58 MP: 8/8
  3806 | D:5      | Noticed Eustachio
  3831 | D:5      | Killed Eustachio
  3831 | D:5      | Reached skill level 9 in Axes
  4003 | D:5      | Found a runed door.
  4267 | D:5      | Noticed Crazy Yiuf
  4274 | D:5      | Killed Crazy Yiuf
  4473 | D:6      | Found a sparkling altar of Nemelex Xobeh.
  4515 | D:6      | Reached skill level 10 in Axes
  4612 | D:6      | Found a bloodstained altar of Trog.
  4661 | D:6      | Found an ancient bone altar of Kikubaaqudgha.
  4661 | D:6      | Found a radiant altar of Vehumet.
  4726 | D:6      | Found a shadowy altar of Dithmenos.
  4763 | D:6      | Reached XP level 9. HP: 54/64 MP: 9/9
  4964 | D:7      | Noticed Joseph
  4979 | D:7      | HP: 3/64 [ice beast (10)]
  4990 | D:7      | Killed Joseph
  4990 | D:7      | Reached skill level 11 in Axes
  5816 | D:7      | Found a staircase to the Ecumenical Temple.
  5825 | Temple   | Entered the Ecumenical Temple
  5909 | Temple   | Became a worshipper of Qazlal Stormbringer
  6099 | D:8      | Reached skill level 5 in Fighting
  6593 | D:8      | Found a staircase to the Lair.
  6775 | D:8      | Reached XP level 10. HP: 63/79 MP: 10/10
  6794 | D:8      | Reached skill level 5 in Shields
  6935 | D:8      | Reached * piety under Qazlal
  7090 | D:8      | Noticed a two-headed ogre
  7102 | D:8      | Mangled by a two-headed ogre

Vault maps used:
D:1:      dpeg_arrival_simpleton_a, minivault_24
D:2:      uniq_robin
D:3:      gammafunk_wand_slinger, fedhas_altar_fruit_tree, uniq_sigmund
D:5:      first_ration, uniq_crazy_yiuf_cottage, uniq_eustachio
D:6:      old_standard_altar, grunt_dithmenos_smoke_and_mirrors,
          chequers_temple_overflow_statue_of_worship, nrook_mini_vaults,
          nemelex_lonely_heart_becter
D:7:      minmay_temple_entry_poolview, uniq_joseph
D:8:      due_lair_maze_entry_diamond
Temple:   regret_index_temple_mists

Skill      XL: |  1  2  3  4  5  6  7  8  9 10 |
---------------+-------------------------------+-----
Axes           | 3 4 6 8 10 11 | 11.4
Fighting       | 7 |  7.0
Shields        | 4 6 |  6.6
Armour         | |  3.2

Action                   |  1- 3 |  4- 6 |  7- 9 | 10-12 || total
-------------------------+-------+-------+-------+-------++-------
Melee: War axe           |   125 |   129 |   284 |    40 ||   578
 Abil: Dig               |       |       |     1 |       ||     1
Evoke: Wand              |       |     1 |     1 |       ||     2
  Use: Scroll            |     5 |     7 |     6 |     3 ||    21
       Potion            |       |     3 |     2 |     2 ||     7
  Eat: Chunk             |       |     1 |     1 |       ||     2
       Ration            |       |     2 |     3 |     1 ||     6
Armor: Scale mail        |    55 |    55 |   130 |    10 ||   250
       Skin              |       |       |     8 |       ||     8
Dodge: Dodged            |    22 |    34 |    85 |     7 ||   148
Block: Shield            |    63 |    73 |   172 |    20 ||   328

Table legend:
 A = Spawn XP
 B = Non-spawn XP
 C = Spawn XP percentage of total XP
 D = Spawn monster count
 E = Non-spawn monster count
 F = Spawn count percentage of total count
 G = Total turns spent on level
                    A         B        C        D         E        F      G
               +---------+---------+-------+---------+---------+-------+---------
         Total |       0 |    4561 |   0.0 |       0 |     173 |   0.0 |  7102
               +---------+---------+-------+---------+---------+-------+---------
           D:1 |       0 |      45 |   0.0 |       0 |      27 |   0.0 |   529
           D:2 |       0 |      98 |   0.0 |       0 |      31 |   0.0 |   901
           D:3 |       0 |     349 |   0.0 |       0 |      17 |   0.0 |  1105
           D:4 |       0 |     129 |   0.0 |       0 |      14 |   0.0 |   789
           D:5 |       0 |     863 |   0.0 |       0 |      29 |   0.0 |  1027
           D:6 |       0 |     498 |   0.0 |       0 |      11 |   0.0 |   974
           D:7 |       0 |     960 |   0.0 |       0 |      12 |   0.0 |   521
           D:8 |       0 |    1619 |   0.0 |       0 |      32 |   0.0 |  1067
               +---------+---------+-------+---------+---------+-------+---------
